 Dungeon Crawl Stone Soup version 0.31.0 (webtiles) character file.

Game seed: 11347014583435161042

627 Sweeb the Conjurer (level 7, -5/41 HPs)
             Began as an Octopode Conjurer on Jan 20, 2024.
             Slain by an ogre
             ... wielding a +0 giant spiked club
              (24 damage)
             ... on level 4 of the Dungeon.
             The game lasted 00:10:25 (4380 turns).

Sweeb the Conjurer (Octopode Conjurer)              Turns: 4380, Time: 00:10:25

Health: -5/41      AC:  1    Str:  7    XL:     7   Next: 47%
Magic:  7/15       EV: 14    Int: 28    God:
Gold:   211        SH:  0    Dex: 10    Spells: 13/16 levels left

rFire   . . .        (no weapon)
rCold   . . .        (no shield)
rNeg    . . .        (helmet restricted)
rPois   .            (no amulet)
rElec   .            a - +6 ring of intelligence
rCorr   .            (no ring)
SInv    .            (no ring)
Will    .....        (no ring)
Stlth   +++          (no ring)
HPRegen 0.26/turn    (no ring)
MPRegen 0.14/turn    (no ring)
                     (no ring)

%: no passive effects
@: no status effects
A: almost no armour, amphibious, 8 rings, camouflage 1, gelatinous body 1,
(nimble swimmer 1), tentacles
a: no special abilities


You were on level 4 of the Dungeon.
You visited 1 branch of the dungeon, and saw 4 of its levels.
You also visited: Ossuary.

You collected 211 gold pieces.

Inventory:

Missiles
 f - a throwing net
Jewellery
 a - a +6 ring of intelligence (left tentacle)
 c - an amulet of guardian spirit
 h - a ring of protection from cold
Wands
 i - a wand of iceblast (4)
Scrolls
 d - 2 scrolls of fog
 e - 9 scrolls of noise
 g - a scroll of enchant weapon
 j - 2 scrolls of poison
Potions
 b - 2 potions of haste
 l - a potion of magic
 n - 2 potions of mutation
 o - a potion of enlightenment {unknown}


   Skills:
 + Level 4.2 Dodging
 - Level 2.6 Stealth
 * Level 5.4 Spellcasting
 + Level 5.6 Conjurations


You had 13 spell levels left.
You knew the following spells:

 Your Spells              Type           Power      Damage    Failure   Level
a - Magic Dart            Conj           100%       1d8       1%          1
b - Searing Ray           Conj           78%        2d7       1%          2

Your spell library contained the following spells:

 Spells                   Type           Power      Damage    Failure   Level
 Freeze                   Ice            28%        1d5       6%          1
 Hailstorm                Conj/Ice       23%        3d7       6%          3
 Frozen Ramparts          Ice            14%        1d3       19%         3
 Fulminant Prism          Conj/Alch      11%        3d8       21%         4
 Iskenderun's Mystic Bla  Conj/Tloc      23%        2d6       21%         4


Dungeon Overview and Level Annotations

Branches:
Dungeon (4/15)            Ossuary (visited)
 Temple: D:4-7

Altars:

Shops:
D:3 *?!


Innate Abilities, Weirdness & Mutations

You cannot wear most types of armour.
You are amphibious.
You can wear up to eight rings at the same time.
Your skin changes colour to match your surroundings (Stealth+).
Your rubbery body absorbs attacks. (AC +1, EV +1)
((You are camouflaged when in or above water. (Stealth+)))
You have tentacles for arms and can constrict up to eight enemies at once.


Message History

Magic restored.
HP restored.
An ogre comes into view. It is wielding a +0 giant spiked club.
Casting: Searing Ray (safe; 1% risk of failure)
Confirm with . or Enter, or press ? or * to list all spells.
Okay, then.
Casting: Searing Ray (safe; 1% risk of failure)
Confirm with . or Enter, or press ? or * to list all spells.
Aiming: Magic Dart (safe; 1% risk of failure)
Press: ? - help, Shift-Dir - straight line, f - ogre
Aim: an ogre, wielding a +0 giant spiked club (100% to hit)
The magic dart hits the ogre.
The ogre is lightly wounded.
Casting: Magic Dart (safe; 1% risk of failure)
Confirm with . or Enter, or press ? or * to list all spells.
Aiming: Searing Ray (safe; 1% risk of failure)
Press: ? - help, Shift-Dir - straight line, f/p - ogre
Aim: an ogre, wielding a +0 giant spiked club (lightly wounded, 91% to hit)
The searing ray hits the ogre.
The ogre is moderately wounded. (Press . to maintain the ray.)
The searing ray misses the ogre.
The searing ray hits the ogre.
The ogre is heavily wounded.
The searing ray hits the ogre.
The ogre is severely wounded.
You finish channelling your searing ray.
The ogre hits you with a +0 giant spiked club!!
Ouch! That really hurt!
Casting: Searing Ray (safe; 1% risk of failure)
Confirm with . or Enter, or press ? or * to list all spells.
Aiming: Searing Ray (safe; 1% risk of failure)
Press: ? - help, Shift-Dir - straight line, f/p - ogre
Aim: an ogre, wielding a +0 giant spiked club (severely wounded, 91% to hit)
The searing ray hits the ogre!
The ogre is almost dead. (Press . to maintain the ray.)
The ogre hits you with a +0 giant spiked club!!
Ouch! That really hurt!
You die...

#.#.
###.####'#####
##.####.#####
............#
............#
......##...###
##)..##...#
#... +....#
#.. ##...# ##.
#.@.#
#.......O.#
#.........#
#######.[..#
#....# #....#
#....# #...##


You could see an ogre.

Vanquished Creatures
  An ogre (D:4)
  A weeping skull (Ossuary)
  An elf zombie (Ossuary)
  A scorpion (D:4)
  A burial acolyte (Ossuary)
  A hound (D:4)
  Jessica (D:2)
  An orc wizard (D:3)
  4 mummies (Ossuary)
  7 gnolls (D:3)
  An adder (D:3)
  2 ribbon worms (D:2)
  A dart slug (D:1)
  6 orcs
  9 bats
  9 endoplasms
  4 giant cockroaches
  2 gnoll zombies (Ossuary)
  7 goblins
  6 hobgoblins
  4 quokkas
  2 ball pythons
  A frilled lizard (D:2)
  5 kobolds
  3 kobold zombies (Ossuary)
  2 orc zombies (Ossuary)
  6 rats
89 creatures vanquished.

Notes
Turn   | Place    | Note
-------+----------+-------------------------------------------
     0 | D:1      | Sweeb the Octopode Conjurer began the quest for the Orb.
     0 | D:1      | Reached XP level 1. HP: 11/11 MP: 3/3
   110 | D:1      | Reached XP level 2. HP: 17/17 MP: 0/5
   871 | D:1      | Reached XP level 3. HP: 21/21 MP: 3/6
  1288 | D:1      | Learned a level 2 spell: Searing Ray
  1407 | D:2      | Noticed Jessica
  1410 | D:2      | Killed Jessica
  1411 | D:2      | Reached XP level 4. HP: 27/27 MP: 4/8
  1905 | D:2      | Found a faded altar of an unknown god.
  2030 | D:3      | Reached XP level 5. HP: 27/31 MP: 10/10
  2231 | D:3      | Found Geunemag's Assorted Antiques.
  2658 | D:3      | Found Ufyxyteh's Magic Scroll Shop.
  2836 | D:3      | Found Guitooje's Distillery.
  3289 | D:4      | Reached XP level 6. HP: 36/36 MP: 3/12
  3386 | D:4      | Found a sand-covered staircase.
  3395 | Ossuary  | Entered an ossuary
  3431 | Ossuary  | Reached skill level 5 in Conjurations
  3821 | Ossuary  | Reached skill level 5 in Spellcasting
  3821 | Ossuary  | Reached XP level 7. HP: 6/41 MP: 0/14
  4380 | D:4      | Slain by an ogre

Illustrated notes

Levels and vault maps discovered:
D:1:      scummos_arrival_star, layout_basic, minmay_indecisive_spiral
D:2:      layout_basic, dilly_ecumenical_altar_fadedgnrine,
          guppyfry_early_orc_mine, uniq_jessica
D:3:      layout_basic, serial_shops, nicolae_shop_peninsula,
          nicolae_shop_back_alley_shop, shop, minmay_misc_feat_hallway
D:4:      layout_gridville, nicolae_wu_jian_glorious_leap,
          lightli_ossuary_entry_decrepit_ruins

Skill      XL: |  1  2  3  4  5  6 |
---------------+-------------------+-----
Spellcasting   | 3 4 5 |  5.4
Dodging        | 3 4 |  4.2
Conjurations   | 5 |  5.6
Stealth        | |  2.6

Action                     |  1- 3 |  4- 6 |  7- 9 || total
---------------------------+-------+-------+-------++-------
  Melee: Unarmed           |       |    26 |     5 ||    31
         Tentacles         |       |     5 |     1 ||     6
         Constrict         |       |     3 |     1 ||     4
   Cast: Magic Dart        |    54 |    59 |    17 ||   130
         Searing Ray       |     1 |    19 |     5 ||    25
    Use: Scroll            |     3 |     4 |     4 ||    11
         Potion            |       |     6 |       ||     6
 Armour: Skin              |     1 |    37 |     7 ||    45
  Dodge: Dodged            |     2 |    25 |     3 ||    30
